 Dungeon Crawl Stone Soup version 0.27.1 (webtiles) character file.

Game seed: 9843552345138733081

5 boggle the Carver (level 1, -1/17 HPs)
             Began as a Gnoll Wanderer on Aug 22, 2021.
             Frozen to death by an endoplasm (2 damage)
             ... on level 1 of the Dungeon.
             The game lasted 00:01:21 (175 turns).

boggle the Carver (Gnoll Wanderer)                   Turns: 175, Time: 00:01:21

Health: -1/17      AC:  2    Str:  9    XL:     1   Next: 80%
Magic:  1/1        EV: 11    Int: 12    God:
Gold:   7          SH:  8    Dex: 12    Spells: 0/0 levels left

rFire    . . .     SeeInvis .   a - +0 falchion
rCold    . . .     Faith    .   b - +0 kite shield
rNeg     . . .     Spirit   .   d - +0 robe
rPois    .         Reflect  .   (no helmet)
rElec    .         Harm     .   (no cloak)
rCorr    .         Rampage  .   (no gloves)
Will     .....                  (no boots)
Stlth    ++........             (no amulet)
HPRegen  0.05/turn              (no ring)
MPRegen  0.07/turn              (no ring)

@: about to teleport, flying
A: fangs 1, strong nose, distributed training
a: no special abilities


You were on level 1 of the Dungeon.
You visited 1 branch of the dungeon, and saw 1 of its levels.

You collected 7 gold pieces.

Inventory:

Hand Weapons
 a - a +0 falchion (weapon)
Armour
 b - a +0 kite shield (worn)
 d - a +0 robe (worn)


   Skills:
 + Level 2.4 Fighting
 + Level 0.1 Short Blades
 + Level 8.4 Long Blades
 + Level 0.1 Axes
 + Level 0.1 Maces & Flails
 + Level 0.1 Polearms
 + Level 0.1 Staves
 + Level 0.1 Slings
 + Level 0.1 Bows
 + Level 0.1 Crossbows
 + Level 0.1 Throwing
 + Level 0.1 Armour
 + Level 4.4 Dodging
 + Level 2.2 Stealth
 + Level 4.4 Shields
 + Level 0.1 Unarmed Combat
 + Level 0.1 Spellcasting
 + Level 0.1 Conjurations
 + Level 0.1 Hexes
 + Level 0.1 Summonings
 + Level 0.1 Necromancy
 + Level 0.1 Translocations
 + Level 0.1 Transmutations
 + Level 0.1 Fire Magic
 + Level 0.1 Ice Magic
 + Level 0.1 Air Magic
 + Level 0.1 Earth Magic
 + Level 0.1 Poison Magic
 + Level 0.2 Invocations
 + Level 0.1 Evocations


You couldn't memorise any spells.
You didn't know any spells.
Your spell library was empty.

Dungeon Overview and Level Annotations

Branches:
Dungeon (1/15)

Altars:


Innate Abilities, Weirdness & Mutations

You have very sharp teeth.
Your uncanny sense of smell can sniff out nearby items.
Your experience applies equally to all skills.


Message History

There is a stone staircase leading down here.
As you open the door, it creaks loudly!
You hear a shout!
Found 5 stones.
There is an open door here.
An endoplasm comes into view.
A kobold comes into view. It is wielding a +0 dagger.
A hobgoblin comes into view.
The hobgoblin shouts!
The endoplasm quivers.
You barely miss the kobold. You block the kobold's attack.
You hit the kobold but do no damage. You block the kobold's attack.
The endoplasm hits you.
You barely miss the kobold. The kobold misses you. The endoplasm freezes you.
You are frozen.
You miss the kobold. The hobgoblin hits you.
The kobold hits you but does no damage. You block the endoplasm's attack.
You hit the kobold but do no damage. The hobgoblin hits you.
The kobold hits you but does no damage. You block the endoplasm's attack.
You block the hobgoblin's attack. The kobold misses you.
You barely miss the kobold. The kobold hits you with a +0 dagger.
* * * LOW HITPOINT WARNING * * *
You closely miss the kobold. The kobold hits you but does no damage.
You hit the kobold.
You kill the kobold!
You completely miss the endoplasm. You block the endoplasm's attack.
You hit the endoplasm.
The endoplasm is heavily wounded.
The endoplasm freezes you.
You are frozen.
* * * LOW HITPOINT WARNING * * *
It was a potion of flight.
You feel very buoyant.
You fly up into the air.
The endoplasm barely misses you.
As you read the scroll of teleportation, it crumbles to dust.
You feel strangely unstable. The endoplasm freezes you.
You are frozen.
You die...

####### #......#
#.....# #......###
#.....+ +......'.
#....(# #......#
#.....# #......###
#.....# #.........
#.....# #.......#
#.....###.......#
####..@Jg.......#
####'###...######
#......#...# ...
#......##### #.#
#......# #.#
#......########.#######
#...>..................
#.....†##.....#.####...
#......####.#.#.# #.##


You could see an endoplasm and a hobgoblin.

Vanquished Creatures
  A dart slug (D:1)
  An endoplasm (D:1)
  A ball python (D:1)
  A kobold (D:1)
4 creatures vanquished.

Notes
Turn   | Place    | Note
-------+----------+-------------------------------------------
     0 | D:1      | boggle the Gnoll Wanderer began the quest for the Orb.
     0 | D:1      | boggle set off with the following items: a +0 falchion, a
                  | +0 kite shield, a scroll of teleportation, a +0 robe
     0 | D:1      | Reached XP level 1. HP: 17/17 MP: 1/1
   175 | D:1      | Frozen to death by an endoplasm

Illustrated notes

Levels and vault maps discovered:
D:1:      shiori_arrival_elements, layout_basic

Action                   || total
-------------------------++-------
Melee: Falchion          ||    13
       Bite              ||     1
  Use: Scroll            ||     1
       Potion            ||     1
Armor: Robe              ||     3
Dodge: Dodged            ||     6
Block: Kite shield       ||     7
       Rpst.: Falchion   ||     3
